 Dungeon Crawl Stone Soup version 0.31.0-32-g396128a36d (webtiles) character file.

Game seed: 9059687582830522841

184 SacredBeard the Sneak (level 5, -3/38 HPs)
             Began as a Vampire Enchanter on Apr 3, 2024.
             Killed by nerve-wracking pain
             ... invoked by an orc priest
              (8 damage)
             ... on level 3 of the Dungeon.
             The game lasted 00:04:36 (2211 turns).

SacredBeard the Sneak (Vampire Enchanter)           Turns: 2211, Time: 00:04:37

Health: -3/38      AC:  2    Str: 13    XL:     5   Next: 36%
Magic:  0/8        EV: 12    Int: 19    God:
Gold:   96         SH:  0    Dex: 15    Spells: 8/8 levels left

rFire   . . .        a - +1 dagger
rCold   . . .        (no shield)
rNeg    . . .        b - +0 robe
rPois   .            (no helmet)
rElec   .            (no cloak)
rCorr   .            (no gloves)
SInv    +            (no boots)
Will    .....        j - amulet of guardian spirit
Stlth   +++          g - +6 ring of strength
HPRegen 0.46/turn    (no ring)
MPRegen 0.11/turn

%: guardian spirit
@: healing quickly
A: alive, fangs 3, see invisible, vampiric 2
a: Exsanguinate


You were on level 3 of the Dungeon.
You visited 1 branch of the dungeon, and saw 3 of its levels.

You collected 96 gold pieces.

Inventory:

Hand Weapons
 a - a +1 dagger (weapon)
Armour
 b - a +0 robe (worn)
Jewellery
 g - a +6 ring of strength (left hand)
 j - an amulet of guardian spirit (around neck)
 s - a ring of protection from cold
Scrolls
 d - 6 scrolls of identify {unknown}
 h - a scroll of revelation {unknown}
 k - 2 scrolls of fear {unknown}
 l - 3 scrolls of enchant weapon {unknown}
 o - 2 scrolls of teleportation {unknown}
 p - 2 scrolls of amnesia {unknown}
Potions
 c - 2 potions of invisibility
 e - a potion of ambrosia {unknown}
 f - a potion of resistance {unknown}
 i - 3 potions of haste {unknown}
 m - a potion of attraction {unknown}
 n - a potion of curing {unknown}
 q - 2 potions of heal wounds {unknown}
 r - a potion of cancellation {unknown}
 t - a potion of degeneration {unknown}
 u - a potion of might {unknown}
 v - 2 potions of magic {unknown}


   Skills:
 + Level 1.9 Fighting
 * Level 4.9 Short Blades
 - Level 2.1 Dodging
 - Level 5.0 Stealth
 - Level 2.0 Spellcasting
 - Level 4.4 Hexes


You had 8 spell levels left.
You didn't know any spells.
Your spell library contained the following spells:

 Spells                   Type           Power      Damage    Failure   Level
 Confusing Touch          Hex            18%        N/A       9%          3
 Tukima's Dance           Hex            18%        N/A       9%          3
 Ensorcelled Hibernation  Hex/Ice        20%        N/A       11%         2
 Dazzling Flash           Conj/Hex       20%        N/A       21%         3


Dungeon Overview and Level Annotations

Branches:
Dungeon (3/15)

Altars:

Shops:
D:1 :


Innate Abilities, Weirdness & Mutations

Your natural rate of healing is accelerated.
You have razor-sharp teeth.
You have supernaturally acute eyesight. (SInv)
You are afflicted with vampirism and can become a bat while bloodless.


Message History

The orc priest closely misses you.
You hit the orc priest but do no damage.
The orc priest is almost dead.
The orc priest looks satisfied for a moment.
You hit the orc priest.
The orc priest is almost dead.
The orc priest hits you from afar with a +0 trident!
You barely miss the orc priest.
The orc priest is almost dead.
The orc priest invokes the aid of Beogh against you.
Pain shoots through your body!
* * * LOW HITPOINT WARNING * * *
The orc priest barely misses you.
You hit the orc priest but do no damage.
The orc priest is almost dead.
The orc priest hits you with a +0 trident.
* * * LOW HITPOINT WARNING * * *
The orc priest hits you but does no damage.
You hit the orc priest. Your bite misses the orc priest.
The orc priest is almost dead.
The orc priest mumbles some strange prayers to Beogh against you.
Pain shoots through your body!
* * * LOW HITPOINT WARNING * * *
The orc priest closely misses you.
You hit the orc priest.
You kill the orc priest!
The orc priest hits you but does no damage.
You hit the orc priest. Your bite misses the orc priest.
The orc priest is lightly wounded.
The orc priest hits you with a +0 trident.
* * * LOW HITPOINT WARNING * * *
You hit the orc priest but do no damage.
The orc priest is lightly wounded.
The orc priest hits you with a +0 trident.
* * * LOW HITPOINT WARNING * * *
You hit the orc priest.
The orc priest is moderately wounded.
The orc priest mumbles some strange prayers to Beogh against you.
Pain shoots through your body!
You die...

....#..............
'#####.....).......
...................
######......######. #
#......## # #...)...## #
..........#### #
..........'.)# #
...........##@# #
..........##o# #### #
..........##.#### #... #
..........+.....# #...
..........#.###.# ######...
.........#.....#####........
...^....###..........[.....
........# ................
...o...........#


You could see an orc priest.

Vanquished Creatures
  An ogre (D:2)
  An orc priest (D:3)
  An adder (D:2)
  A ribbon worm (D:3)
  An orc (D:2)
  5 ball pythons
  7 endoplasms
  A giant cockroach (D:3)
  6 goblins
  4 hobgoblins
  7 jackals (D:1)
  3 quokkas
  3 bats
  3 frilled lizards
  5 kobolds
  3 rats
52 creatures vanquished.

Notes
Turn   | Place    | Note
-------+----------+-------------------------------------------
     0 | D:1      | SacredBeard the Vampire Enchanter began the quest for the
                  | Orb.
     0 | D:1      | Reached XP level 1. HP: 13/13 MP: 3/3
   143 | D:1      | Reached skill level 5 in Stealth
   297 | D:1      | Reached XP level 2. HP: 9/19 MP: 5/5
   488 | D:1      | Found Doits's Book Boutique.
   757 | D:1      | Gained mutation: You are afflicted with vampirism and can
                  | become a bat while bloodless. [Vampire growth]
   757 | D:1      | Reached XP level 3. HP: 21/24 MP: 4/6
  1097 | D:2      | Noticed an ogre
  1104 | D:2      | Killed an ogre
  1105 | D:2      | Reached skill level 1 in Fighting
  1105 | D:2      | Reached XP level 4. HP: 32/32 MP: 7/7
  1276 | D:2      | Reached XP level 5. HP: 37/37 MP: 8/8
  1923 | D:3      | Found a faded altar of an unknown god.
  2211 | D:3      | Killed from afar by an orc priest

Illustrated notes

Levels and vault maps discovered:
D:1:      lightli_arrival_farm, layout_basic, serial_shops,
          nicolae_shop_crystal, minmay_pentomino_o4
D:2:      layout_basic
D:3:      layout_basic, shapermc_ecumenical_altar_mp_highgroup, uniq_natasha

Skill      XL: |  1  2  3 |
---------------+----------+-----
Stealth        | 5 |  5.0
Short Blades   | 2 4 |  4.9
Fighting       | 1 |  1.9
Dodging        | |  2.1
Spellcasting   | |  2.0
Hexes          | |  4.4

Action                     |  1- 3 |  4- 6 || total
---------------------------+-------+-------++-------
  Melee: Dagger            |    95 |   104 ||   199
         Bite              |     5 |    10 ||    15
   Stab: Sleeping          |    11 |     5 ||    16
 Armour: Robe              |    52 |    47 ||    99
  Dodge: Dodged            |    59 |    51 ||   110
